 Dungeon Crawl Stone Soup version 0.24.0-123-gd5b16e6ec5 (webtiles) character file.

Game seed: 15699167480702117804, levelgen mode: deterministic

255 sagitran the Shield-Bearer (level 5, -6/45 HPs)
             Began as a Demigod Fighter on Dec 20, 2019.
             Killed by divine providence
             ... invoked by an orc priest
              (12 damage)
             ... on level 3 of the Dungeon.
             The game lasted 00:08:06 (1944 turns).

sagitran the Shield-Bearer (Demigod Fighter)        Turns: 1944, Time: 00:08:08

Health: -6/45      AC:  8    Str: 30    XL:     5   Next: 60%
Magic:  7/7        EV: 10    Int: 12    God:
Gold:   136        SH: 11    Dex: 15    Spells: 3/4 levels left

rFire    . . .     SeeInvis .   a - +0 long sword
rCold    . . .     Gourm    .   c - +0 shield
rNeg     . . .     Faith    .   b - +0 scale mail
rPois    .         Spirit   .   k - +0 helmet
rElec    .         Reflect  .   (no cloak)
rCorr    .         Harm     .   (no gloves)
MR       .....                  (no boots)
Stlth    ..........             (no amulet)
HPRegen  0.15/turn              q - +4 ring of strength
MPRegen  0.10/turn              r - +2 ring of evasion

@: mighty
A: high mp 1
a: no special abilities


You were on level 3 of the Dungeon.
You were not hungry.

You visited 1 branch of the dungeon, and saw 3 of its levels.

You collected 136 gold pieces.

Inventory:

Hand Weapons
 a - a +0 long sword (weapon)
Missiles
 p - 5 boomerangs of dispersal (quivered)
Armour
 b - a +0 scale mail (worn)
 c - a +0 shield (worn)
 k - a +0 helmet (worn)
Jewellery
 q - a +4 ring of strength (left hand)
 r - a +2 ring of evasion (right hand)
Scrolls
 e - 2 scrolls of fog {unknown}
 g - 2 scrolls of identify
 i - 2 scrolls of amnesia {unknown}
 m - a scroll of immolation {unknown}
 n - 3 scrolls of remove curse {unknown}
 o - a scroll of random uselessness {unknown}
 t - a scroll of blinking {unknown}
 v - a scroll of enchant armour {unknown}
Potions
 h - a potion of brilliance
 j - a potion of curing
 l - a potion of agility
 s - a potion of flight {unknown}
 u - a potion of experience {unknown}
Comestibles
 f - 3 rations


   Skills:
 + Level 3.6 Fighting
 + Level 3.4 Long Blades
 + Level 3.4 Armour
 + Level 1.3 Dodging
 + Level 3.6 Shields


You had 3 spell levels left.
You knew the following spells:

 Your Spells              Type           Power        Failure   Level  Hunger
a - Animate Skeleton      Necr           N/A          96%         1    ##.....

Your spell library contained the following spells:

 Spells                   Type           Power        Failure   Level  Hunger
 Apportation              Tloc           #.....       96%         1    ##.....
 Confusing Touch          Hex            #.....       96%         1    ##.....
 Summon Small Mammal      Summ           #...         96%         1    ##.....


Dungeon Overview and Level Annotations

Branches:
Dungeon (3/15)


Innate Abilities, Weirdness & Mutations

You have an increased reservoir of magic. (+10% MP)


Message History

The orc priest hits you but does no damage.
You barely miss the orc priest. You slash the orc!
You kill the orc!
A kobold comes into view.
The orc priest casts a cantrip, but nothing happens. 2 orcs come into view.
The orc shouts! x2; You hear a shout! x2
You block the orc priest's attack.
You hit the orc priest.
The orc priest is lightly wounded.
You block the orc priest's attack.
You closely miss the orc priest.
The orc priest is lightly wounded.
The orc priest invokes the aid of Beogh against you.
Beogh smites you!
* * * LOW HITPOINT WARNING * * *
The orc priest invokes the aid of Beogh against you.
Beogh smites you!
You die...

##.########.## #.#
#.# #>.. #.# #.#
#.### #.# #.# #.# #.#
#.# #.# #.# #.# .####
#.# #.# ..... #.#
###.#####..# #.#
#......@oo.## #.#
#......[Ko..# #.#
#.........#..# #.#
#.........# .'. #.#
#.........# . #.#
#.........# #.#
#.........#
##.######)........#
#.......))..########.


You could see an orc priest, 2 orcs and a kobold.

Vanquished Creatures
  A scorpion (D:3)
  An orc priest (D:3)
  Robin (D:2)
  4 adders (D:2)
  2 oozes
  A worm (D:3)
  2 dart slugs
  3 orcs (D:3)
  4 bats
  3 giant cockroaches (D:1)
  22 goblins
  9 hobgoblins
  10 jackals
  13 kobolds
  A quokka (D:2)
  5 ball pythons
  A frilled lizard (D:1)
  6 rats (D:1)
89 creatures vanquished.

Vanquished Creatures (others)
  An orc wizard (D:3)
  7 toadstools
8 creatures vanquished.

Grand Total: 97 creatures vanquished

Notes
Turn   | Place    | Note
-------+----------+-------------------------------------------
     0 | D:1      | sagitran the Demigod Fighter began the quest for the Orb.
     0 | D:1      | Reached XP level 1. HP: 18/18 MP: 3/3
   211 | D:1      | Reached XP level 2. HP: 26/26 MP: 4/4
   339 | D:1      | Reached XP level 3. HP: 12/31 MP: 5/5
   919 | D:2      | Learned a level 1 spell: Animate Skeleton
  1056 | D:2      | Reached XP level 4. HP: 25/38 MP: 6/6
  1132 | D:2      | Found a radiant altar of Vehumet.
  1277 | D:2      | Noticed Robin
  1297 | D:2      | Reached skill level 1 in Dodging
  1330 | D:2      | Killed Robin
  1495 | D:3      | Reached XP level 5. HP: 26/45 MP: 7/7
  1944 | D:3      | Killed from afar by an orc priest

Levels and vault maps discovered:
D:1:      ldierk_walled_garden_2, layout_basic, minmay_pentomino_p2
D:2:      layout_rooms, vehumet_crystals, first_ration, uniq_robin
D:3:      cheibrodos_fertilizer, layout_basic, kiku_gazebo_pond_becter,
          kennysheep_orc_chapel

Skill      XL: |  1  2  3  4 |
---------------+-------------+-----
Fighting       | 3 |  3.6
Long Blades    | 2 3 |  3.4
Shields        | 3 |  3.6
Armour         | 3 |  3.4
Dodging        | 1 |  1.3

Action                   |  1- 3 |  4- 6 || total
-------------------------+-------+-------++-------
Melee: Long sword        |   161 |   108 ||   269
  Use: Scroll            |       |     3 ||     3
       Potion            |       |     2 ||     2
  Eat: Chunk             |       |     3 ||     3
       Ration            |       |     1 ||     1
Armor: Scale mail        |    84 |    64 ||   148
Dodge: Dodged            |    63 |    44 ||   107
Block: Shield            |   107 |    87 ||   194
       Rpst.: Long sword |    23 |    11 ||    34
